 Dungeon Crawl Stone Soup version 0.29-a0-823-gc37b1572da (webtiles) character file.

Game seed: 2282486738643044471

389 soberaf the Magician (level 6, -5/43 HPs)
             Began as a Mummy Hedge Wizard on July 8, 2022.
             Was a Priest of Lugonu.
             Shot with an arrow by a centaur (13 damage)
             ... on level 5 of the Dungeon.
             The game lasted 00:21:01 (6963 turns).

soberaf the Magician (Mummy Hedge Wizard)           Turns: 6963, Time: 00:21:02

Health: -5/43      AC: 11    Str: 13    XL:     6   Next: 50%
Magic:  14/14      EV: 11    Int: 15    God:    Lugonu [***...]
Gold:   227        SH:  3    Dex: 12    Spells: 5/16 levels left

rFire   . . .      SeeInvis .   a - +1 dagger (freeze)
rCold   + . .      Faith    .   q - +0 buckler
rNeg    + + +      Spirit   .   b - +0 robe
rPois   ∞          Reflect  .   c - +2 hat
rElec   .          Harm     .   d - +2 cloak
rCorr   .          Rampage  .   (no gloves)
Will    .....                   (no boots)
Stlth   ++........              (no amulet)
HPRegen 0.14/turn               i - ring of protection from fire
MPRegen 0.14/turn               k - +4 ring of protection

@: no status effects
A: cold resistance 1, negative energy resistance 3, torment resistance 2, heat
vulnerability 1, in touch with death 1, no potions
a: Renounce Religion, Depart the Abyss, Bend Space, Banish


You were on level 5 of the Dungeon.
You worshipped Lugonu.
Lugonu was most pleased with you.
You visited 1 branch of the dungeon, and saw 5 of its levels.

You collected 227 gold pieces.

Inventory:

Hand Weapons
 a - a +1 dagger of freezing (weapon)
Missiles
 h - 7 poisoned darts (quivered)
Armour
 b - a +0 robe (worn)
 c - a +2 hat (worn)
 d - a +2 cloak (worn)
 q - a +0 buckler (worn)
Jewellery
 i - a ring of protection from fire (left hand)
 j - a ring of willpower
 k - a +4 ring of protection (right hand)
Scrolls
 e - a scroll of fog
 o - a scroll of brand weapon
 r - a scroll of torment {unknown}
 s - a scroll of fear {unknown}
 t - a scroll of silence {unknown}


   Skills:
 - Level 1.6 Fighting
 - Level 0.9 Short Blades
 - Level 1.9 Dodging
 + Level 2.7 Stealth
 + Level 1.1 Shields
 + Level 5.7 Spellcasting
 - Level 1.7 Conjurations
 - Level 0.8 Hexes
 - Level 0.7 Summonings
 * Level 1.6 Necromancy
 + Level 1.4 Translocations
 + Level 1.2 Invocations


You had 5 spell levels left.
You knew the following spells:

 Your Spells              Type           Power      Damage    Failure   Level
a - Magic Dart            Conj           36%        1d4       10%         1
b - Vampiric Draining     Necr           13%        2d6       30%         3
c - Agony                 Necr           13%        N/A       95%         5
d - Blink                 Tloc           16%        N/A       17%         2

Your spell library contained the following spells:

 Spells                   Type           Power      Damage    Failure   Level
 Slow                     Hex            24%        N/A       14%         1
 Call Imp                 Summ           6%         N/A       22%         2
 Lesser Beckoning         Tloc           8%         N/A       32%         3
 Dazzling Flash           Conj/Hex       16%        N/A       34%         3
 Confusing Touch          Hex            6%         N/A       38%         3
 Conjure Flame            Conj/Fire      6%         6-21      38%         3
 Mephitic Cloud           Conj/Pois/Air  6%         N/A       43%         3
 Manifold Assault         Tloc           8%         N/A       97%         5
 Irradiate                Conj/Tmut      3%         3d14      98%         5
 Silence                  Hex/Air        2%         N/A       99%         5
 Summon Hydra             Summ           3%         N/A       100%        7
 Sublimation of Blood     Necr           Unusable   N/A       N/A         2
 Wereblood                Tmut           Unusable   N/A       N/A         2
 Blade Hands              Tmut           Unusable   N/A       N/A         5
 Dragon Form              Tmut           Unusable   N/A       N/A         7

Dungeon Overview and Level Annotations

Branches:
Dungeon (5/15)             Temple (0/1) D:5

Altars:
Kikubaaqudgha
Ru
Yredelemnul
Lugonu

Shops:
D:2 *


Innate Abilities, Weirdness & Mutations

You are immune to poison.
Your flesh is cold resistant. (rC+)
You are immune to negative energy. (rN+++)
You are immune to unholy pain and torment.
You are vulnerable to heat. (rF-)
You are in touch with the powers of death.
You do not drink.


Message History

Unknown command.
As you read the scroll of teleportation, it crumbles to dust.
You feel strangely unstable. The orc completely misses you.
The orc attacks as you move away! The orc hits you but does no damage.
Found 13 gold pieces.
Your surroundings suddenly seem different.
A scorpion comes into view.
Throw: 12 darts (poison)
Press: ? - help, Q - select action, (/) - cycle Shift-Dir - straight line, f - scorpion
Aim: a scorpion (asleep, 98% to hit)
You throw a poisoned dart. The poisoned dart hits the scorpion.
The scorpion is poisoned.
Throw: 11 darts (poison)
Press: ? - help, Q - select action, (/) - cycle Shift-Dir - straight line, f/p - scorpion
Aim: a scorpion (lightly wounded, poisoned, 56% to hit)
You throw a poisoned dart.
The poisoned dart closely misses the scorpion.
Throw: 10 darts (poison)
Press: ? - help, Q - select action, (/) - cycle Shift-Dir - straight line, f/p - scorpion
Aim: a scorpion (lightly wounded, poisoned, 56% to hit)
You throw a poisoned dart. The poisoned dart hits the scorpion.
The scorpion looks even sicker.
The scorpion is lightly wounded.
The centaur shoots an arrow.
The arrow closely misses you.
You hear an angry hiss.
Throw: 9 darts (poison)
Press: ? - help, Q - select action, (/) - cycle Shift-Dir - straight line, f/p - scorpion
Aim: a scorpion (moderately wounded, very poisoned, 56% to hit)
You throw a poisoned dart. The poisoned dart hits the scorpion.
The scorpion looks even sicker.
The scorpion is moderately wounded.
The centaur shoots an arrow.
The arrow hits you but does no damage.
The centaur shoots an arrow.
The arrow hits you but does no damage.
Throw: 8 darts (poison)
Press: ? - help, Q - select action, (/) - cycle Shift-Dir - straight line, f/p - scorpion
Aim: a scorpion (moderately wounded, very poisoned, 56% to hit)
You throw a poisoned dart.
The poisoned dart closely misses the scorpion.
The centaur shoots an arrow.
The arrow hits you!
You die...

#........÷........
##.......c........
#.....##o###.#...
#..##.##.o....... ******
#..##..#.#....... *,,,,*
#..###........... *,,,,*
#..........P.....
*,,,.#######......c._.P.....
*,,,.......@..####....P.....
*,,,.###...........PPPP..P..
*,,,,**#.s..................
*,,,,*#..............$......
******#((...........PPPPP.P.
#.(...........,,,P....
#.............,,,.....
#((..........,,,,.....
*,,,,,,,,,,,,,,,,.....


You could see a centaur and a scorpion (very poisoned).

Vanquished Creatures
  A scorpion (D:4)
  2 orc priests (D:4)
  2 jellies (D:4)
  A gnoll bouda (D:4)
  4 gnolls (D:4)
  4 adders
  An ufetubus (D:4)
  4 dart slugs
  6 orcs
  9 ball pythons
  8 endoplasms
  2 giant cockroaches
  6 hobgoblins
  5 jackals
  5 quokkas
  11 bats
  2 frilled lizards
  6 goblins
  9 kobolds
  7 rats
95 creatures vanquished.

Vanquished Creatures (others)
  13 fungi (D:5)
13 creatures vanquished.

Grand Total: 108 creatures vanquished

Notes
Turn   | Place    | Note
-------+----------+-------------------------------------------
     0 | D:1      | soberaf the Mummy Hedge Wizard began the quest for the Orb.
     0 | D:1      | Reached XP level 1. HP: 13/13 MP: 5/5
     2 | D:1      | Learned a level 1 spell: Slow
   661 | D:1      | Reached XP level 2. HP: 19/19 MP: 0/7
  1043 | D:1      | Found a faded altar of an unknown god.
  1117 | D:1      | Prayed at the altar of an unknown god.
  1117 | D:1      | Became a worshipper of Lugonu the Unformed
  1117 | D:1      | Reached * piety under Lugonu
  1117 | D:1      | Reached ** piety under Lugonu
  1170 | D:1      | Reached skill level 1 in Conjurations
  1705 | D:1      | Gained mutation: You are in touch with the powers of death.
                  | [Mummy growth]
  1705 | D:1      | Reached XP level 3. HP: 15/24 MP: 5/9
  2363 | D:2      | Found Tosua's General Store.
  2651 | D:2      | Found a basalt altar of Yredelemnul.
  2879 | D:2      | Reached skill level 5 in Spellcasting
  3168 | D:3      | Found a sacrificial altar of Ru.
  3272 | D:3      | Reached XP level 4. HP: 30/30 MP: 7/11
  3663 | D:3      | Reached *** piety under Lugonu
  3742 | D:3      | Learned a level 2 spell: Blink
  4396 | D:4      | Reached XP level 5. HP: 36/36 MP: 4/12
  4622 | D:4      | Reached skill level 1 in Translocations
  5262 | D:4      | Learned a level 3 spell: Vampiric Draining
  5279 | D:4      | Reached skill level 1 in Fighting
  5658 | D:4      | HP: 1/37 [gnoll/+0 spear[a gnoll bouda] (1)]
  5666 | D:4      | Reached skill level 1 in Necromancy
  5666 | D:4      | Reached skill level 1 in Invocations
  5666 | D:4      | Reached XP level 6. HP: 2/43 MP: 8/14
  6251 | D:4      | Reached skill level 1 in Shields
  6291 | D:5      | Entered Level 5 of the Dungeon
  6915 | D:5      | Learned a level 5 spell: Agony
  6950 | D:5      | Found an ancient bone altar of Kikubaaqudgha.
  6963 | D:5      | Shot with an arrow by a centaur

Illustrated notes

Levels and vault maps discovered:
D:1:      beargit_arrival_greenhouse, layout_basic,
          shapermc_ecumenical_altar_ellora
D:2:      layout_basic, serial_shops, shop, basic_altar
D:3:      layout_rooms, tso_metal_star, nicolae_ru_the_path_less_chosen,
          kennysheep_generic_room_11
D:4:      layout_loops_cross
D:5:      layout_rooms, mainiacjoe_overflow_chevrons, xom_redecorated,
          temple_statues, hangedman_abyss_or_decor_stagger,
          minmay_misc_feat_four_crosses, minmay_chambers_of_fives, uniq_pikel,
          uniq_eustachio

Skill      XL: |  1  2  3  4  5  6 |
---------------+-------------------+-----
Conjurations   | 1 |  1.7
Stealth        | 2 |  2.7
Spellcasting   | 5 |  5.7
Translocations | 1 |  1.4
Fighting       | 1 |  1.6
Necromancy     | 1 |  1.6
Invocations    | 1 |  1.2
Shields        | 1 |  1.1
Short Blades   | |  0.9
Dodging        | |  1.9
Hexes          | |  0.8
Summonings     | |  0.7

Action                   |  1- 3 |  4- 6 || total
-------------------------+-------+-------++-------
Melee: Dagger            |    76 |    35 ||   111
       Punch             |     1 |       ||     1
Throw: Dart              |       |    23 ||    23
 Cast: Magic Dart        |   113 |   171 ||   284
       Slow              |     7 |       ||     7
  Use: Scroll            |     3 |    11 ||    14
 Stab: Sleeping          |     6 |     4 ||    10
Armor: Robe              |    20 |    67 ||    87
Dodge: Dodged            |    49 |    86 ||   135
Block: Buckler           |       |    30 ||    30

Table legend: (Time is in decaauts)
 A = Elapsed time spent in this place.
 B = Non-inter-level travel time spent in this place.
 C = Inter-level travel time spent in this place.
 D = Time resting spent in this place.
 E = Time spent auto-exploring this place.
 F = Levels seen in this place.
 G = Mean time per level.
                   A        B        C        D        E       F      G
               +--------+--------+--------+--------+--------+-----+--------+
         Total |   6967 |   6500 |    467 |   1368 |   3939 |   5 | 1393.4 |
       Dungeon |   6967 |   6500 |    467 |   1368 |   3939 |   5 | 1393.4 |
               +--------+--------+--------+--------+--------+-----+--------+

Top non-repeatable levels by time:
     D:1: 2238 daAuts
     D:4: 2001 daAuts
     D:3: 1812 daAuts
     D:2: 788 daAuts
     D:5: 126 daAuts
